 Dungeon Crawl Stone Soup version 0.31-a0-986-g5e6e4ef867 (webtiles) character file.

Game seed: 11160877244592938135

1583 timneilson the Ruffian (level 8, -5/54 HPs)
             Began as an Octopode Shapeshifter on Nov 12, 2023.
             Slain by a +6 spectral club (6 damage)
             ... created by Ijyb
             ... on level 5 of the Dungeon.
             The game lasted 00:08:16 (3945 turns).

timneilson the Ruffian (Octopode Shapeshifter)      Turns: 3945, Time: 00:08:16

Health: -5/54      AC:  1    Str: 17 (18) XL:     8   Next: 92%
Magic:  0/12       EV: 14    Int: 15 (16) God:
Gold:   225        SH:  0    Dex: 12      Spells: 12/12 levels left

rFire   . .          .
                       - Unarmed
rCold   . . .        (no shield)
rNeg    + . .        (helmet currently unavailable)
rPois   .            g - amulet of guardian spirit
rElec   .            e - +6 ring of dexterity
rCorr   .            f - ring "Tophaf" {rN+ Will+ Str+2 Int+4 Dex-5}
SInv    .            (no ring)
Will    +....        (no ring)
Stlth   ++++         (no ring)
HPRegen 0.29/turn    (no ring)
MPRegen 0.13/turn    (no ring)
                     (no ring)

%: guardian spirit
@: beast-form, attractive
A: beast (slay +3), almost no armour, amphibious, 8 rings, camouflage 1,
gelatinous body 1, (nimble swimmer 1), tentacles
a: Begin Untransformation


You were on level 5 of the Dungeon.
You were a hulking beast.
You visited 1 branch of the dungeon, and saw 5 of its levels.

You collected 225 gold pieces.

Inventory:

Jewellery
 e - a +6 ring of dexterity (left tentacle)
 f - the ring "Tophaf" (right tentacle) {rN+ Will+ Str+2 Int+4 Dex-5}
   (You acquired it on level 4 of the Dungeon)

   [ring of positive energy]

   Str+2:     It affects your strength (+2).
   Int+4:     It affects your intelligence (+4).
   Dex-5:     It affects your dexterity (-5).
   rN+:       It protects you from negative energy.
   Will+:     It increases your willpower.
 g - an amulet of guardian spirit (around mantle)
Talismans
 b - a beast talisman
 c - a flux talisman
Scrolls
 i - a scroll of identify
Potions
 a - a potion of lignification
 h - a potion of brilliance


   Skills:
 * Level 4.9 Fighting
 * Level 5.1 Dodging
 + Level 4.6 Stealth
 * Level 5.6 Unarmed Combat
 + Level 2.8 Spellcasting
 * Level 5.3 Shapeshifting


You had 12 spell levels left.
You didn't know any spells.
Your spell library contained the following spells:

 Spells                   Type           Power      Damage    Failure   Level
 Shock                    Conj/Air       8%         1d3       21%         1
 Blink                    Tloc           4%         N/A       30%         2
 Lesser Beckoning         Tloc           4%         N/A       30%         2
 Momentum Strike          Conj/Tloc      4%         3d8       30%         2
 Sublimation of Blood     Necr           2%         N/A       30%         2
 Wereblood                Tmut           2%         N/A       30%         2
 Ignite Poison            Fire/Tmut/Pois 2%         N/A       52%         3
 Summon Guardian Golem    Hex/Summ       2%         N/A       52%         3
 Swiftness                Air            2%         N/A       52%         3
 Airstrike                Air            1%         2d(1-17)  90%         4
 Sticky Flame             Conj/Fire      2%         2d3       90%         4
 Summon Ice Beast         Ice/Summ       2%         N/A       90%         4
 Summon Cactus Giant      Summ           1%         N/A       100%        6
 Malign Gateway           Summ/Tloc      1%         N/A       100%        7
 Summon Hydra             Summ           1%         N/A       100%        7
 Ignition                 Fire           1%         3d3       100%        8


Dungeon Overview and Level Annotations

Branches:
Dungeon (5/15)
 Temple: D:4-7

Altars:
Hepliaklqana
Kikubaaqudgha
Zin

Shops:
D:2 [

Annotations:
D:3 1 runed translucent door, Crazy Yiuf
D:5 Ijyb


Innate Abilities, Weirdness & Mutations

You are a hulking beast.
Your limbs bulge with bestial killing power. (Slay +3)
You cannot wear most types of armour.
You are amphibious.
You can wear up to eight rings at the same time.
Your skin changes colour to match your surroundings (Stealth+).
Your rubbery body absorbs attacks. (AC +1, EV +1)
((You are camouflaged when in or above water. (Stealth+)))
You have tentacles for arms and can constrict up to eight enemies at once.


Message History

You bludgeon the ice beast!
You kill the ice beast!
An adder comes into view.
There is a stone staircase leading up here.
You climb upwards.
There is a stone staircase leading down here.
You start resting.
Magic restored.
You start resting.
HP restored.
You climb downwards.
Level annotation: Ijyb
There is a stone staircase leading up here.
Ijyb shouts!
Ijyb zaps a wand.
You resist with almost no effort. Ijyb hits you with a +6 spectral club!
The +6 spectral club hits you!
A +6 spectral club comes into view.
You barely miss Ijyb. You grab Ijyb. You constrict Ijyb.
Ijyb zaps a wand.
You resist with almost no effort.
The +6 spectral club moves out of view.
You barely miss Ijyb. Your squeeze misses Ijyb.
Ijyb is lightly wounded.
You constrict Ijyb, but do no damage. Ijyb hits you with a +6 spectral club!
The +6 spectral club hits you!
A +6 spectral club comes into view.
You tentacle-slap Ijyb but do no damage.
Ijyb is lightly wounded.
You constrict Ijyb. The +6 spectral club hits you! Ijyb barely misses you.
The +6 spectral club hits you!
* * * LOW HITPOINT WARNING * * *
It was a potion of attraction.
You feel attractive to monsters.
You constrict Ijyb.
The +6 spectral club completely misses you.
The +6 spectral club misses you. Ijyb completely misses you.
The +6 spectral club hits you!
* * * LOW HITPOINT WARNING * * *
You tentacle-slap Ijyb. You squeeze Ijyb.
Ijyb is heavily wounded.
You constrict Ijyb. The +6 spectral club hits you.
You die...

... ..# #.. #..
#..# #.# #...# #.#
#.#..# #.#
#.##.S##g# #. #.#
#.#(h# .# #.#
#.$.## .. #.####..#
. #.#....## .
###...##.## #
#...####..# #$##
#.#.# ##.#######
#...
###.#.#####........
..O...#
#.....##.....######
##.##


You could see a +6 spectral club and Ijyb.

Vanquished Creatures
  Pikel (D:3)
  Grinder (D:3)
  Eustachio (D:4)
  An ice beast (D:5)
  2 black bears
  An ogre (D:5)
  The ghost of RandomusNamus the Insei, an amateur OpSh (D:3)
  2 lemures
  A phantom (D:4)
  Terence (D:2)
  Jessica (D:3)
  A sleepcap (D:4)
  4 gnolls
  9 adders
  A worm (D:2)
  A dart slug (D:3)
  4 orcs
  8 endoplasms
  A giant cockroach (D:1)
  8 hobgoblins
  12 jackals
  8 kobolds
  4 quokkas
  4 ball pythons
  4 bats
  A frilled lizard (D:1)
  9 goblins
  6 rats
  A spectral kobold (D:4)
99 creatures vanquished.

Notes
Turn   | Place    | Note
-------+----------+-------------------------------------------
     0 | D:1      | timneilson the Octopode Shapeshifter began the quest for
                  | the Orb.
     0 | D:1      | Reached XP level 1. HP: 13/13 MP: 1/1
    77 | D:1      | Reached XP level 2. HP: 13/18 MP: 2/2
   409 | D:1      | Got the Tome of Attendants
   468 | D:1      | Reached XP level 3. HP: 23/23 MP: 3/3
   565 | D:1      | Reached skill level 1 in Stealth
   864 | D:2      | Noticed Terence
   884 | D:2      | Killed Terence
   885 | D:2      | Reached XP level 4. HP: 12/29 MP: 3/5
   975 | D:2      | Found Aczede's Armour Shoppe.
  1538 | D:3      | Reached XP level 5. HP: 32/34 MP: 6/6
  1575 | D:3      | Found an ancient bone altar of Kikubaaqudgha.
  1583 | D:2      | Reached skill level 1 in Spellcasting
  1642 | D:3      | Noticed Grinder
  1647 | D:3      | Paralysed by Grinder for 4 turns
  1658 | D:3      | Killed Grinder
  1658 | D:3      | HP: 2/52 [poisoned by an adder]
  1659 | D:3      | Reached XP level 6. HP: 3/42 MP: 1/8
  1934 | D:3      | Noticed Jessica
  1941 | D:3      | Killed Jessica
  2047 | D:3      | Found a runed translucent door.
  2047 | D:3      | Noticed RandomusNamus's ghost (amateur OpSh)
  2061 | D:3      | Killed RandomusNamus's ghost
  2062 | D:3      | Reached XP level 7. HP: 31/46 MP: 5/9
  2225 | D:3      | Found a runed translucent door.
  2226 | D:3      | Noticed Crazy Yiuf
  2605 | D:4      | Found a glowing silver altar of Zin.
  2881 | D:4      | Noticed Eustachio
  3060 | D:4      | Noticed Pikel
  3187 | D:3      | Killed Pikel
  3188 | D:3      | Reached skill level 5 in Unarmed Combat
  3188 | D:3      | Reached XP level 8. HP: 9/54 MP: 1/11
  3446 | D:4      | Found a hazy altar of Hepliaklqana.
  3605 | D:4      | Identified a scroll of acquirement
  3605 | D:4      | Acquired the ring "Tophaf" {rN+ Will+ Str+2 Int+4 Dex-5}
  3629 | D:5      | Entered Level 5 of the Dungeon
  3629 | D:5      | Noticed Ijyb
  3648 | D:4      | Killed Eustachio
  3649 | D:4      | Reached skill level 5 in Shapeshifting
  3694 | D:5      | Reached skill level 5 in Dodging
  3944 | D:5      | HP: 1/54 [+6 spectral club[Ijyb] (7)]
  3945 | D:5      | Slain by a +6 spectral club

Illustrated notes

Levels and vault maps discovered:
D:1:      minmay_arrival_jagged, layout_loops_ring
D:2:      layout_rooms, serial_shops, nicolae_shop_pleasant_corner_grove,
          hangedman_feature_mirror, uniq_terence
D:3:      layout_basic, mainiacjoe_overflow_cross_hatched,
          ebering_ghost_reflecting_pool, uniq_crazy_yiuf_cottage, uniq_jessica,
          uniq_grinder
D:4:      layout_gridville, nicolae_hepliaklqana_monster_ancestors,
          minmay_ruined_shrine, uniq_eustachio, uniq_pikel
D:5:      layout_rooms, serial_shops, nicolae_shop_crystal, minmay_statues_item,
          uniq_ijyb

Skill      XL: |  1  2  3  4  5  6  7  8 |
---------------+-------------------------+-----
Stealth        | 1 2 3 4 |  4.6
Fighting       | 2 3 4 |  4.9
Spellcasting   | 1 2 |  2.8
Dodging        | 3 4 5 |  5.1
Unarmed Combat | 4 5 |  5.6
Shapeshifting  | 4 5 |  5.3

Action                     |  1- 3 |  4- 6 |  7- 9 || total
---------------------------+-------+-------+-------++-------
  Melee: Unarmed           |    64 |    79 |    89 ||   232
         Constrict         |    18 |    20 |    15 ||    53
         Tentacles         |    10 |    19 |    21 ||    50
         Punch             |     1 |     6 |     6 ||    13
    Use: Scroll            |     1 |     3 |     3 ||     7
         Potion            |       |     2 |     3 ||     5
   Stab: Sleeping          |     3 |     7 |    10 ||    20
 Armour: Skin              |    28 |    41 |    57 ||   126
  Dodge: Dodged            |    32 |    38 |    49 ||   119

Table legend: (Time is in decaauts)
 A = Elapsed time spent in this place.
 B = Non-inter-level travel time spent in this place.
 C = Inter-level travel time spent in this place.
 D = Time resting spent in this place.
 E = Time spent auto-exploring this place.
 F = Levels seen in this place.
 G = Mean time per level.
                   A        B        C        D        E       F      G
               +--------+--------+--------+--------+--------+-----+--------+
         Total |   3953 |   3848 |    105 |    374 |   2535 |   5 |  790.6 |
       Dungeon |   3953 |   3848 |    105 |    374 |   2535 |   5 |  790.6 |
               +--------+--------+--------+--------+--------+-----+--------+

Top non-repeatable levels by time:
     D:3: 1309 daAuts
     D:4: 949 daAuts
     D:1: 798 daAuts
     D:2: 719 daAuts
     D:5: 176 daAuts
